 Dungeon Crawl Stone Soup version 0.19-a0-1895-g783e625 (webtiles) character file.

22507 Amnesiac the Grappler (level 13, -18/94 HPs)
             Began as a Vine Stalker Berserker on Oct 18, 2016.
             Was a High Priest of Trog.
             Demolished by a spiny frog (19 damage)
             ... on level 2 of the Swamp.
             The game lasted 00:19:47 (5376 turns).

Amnesiac the Grappler (Vine Stalker Berserker)      Turns: 5376, Time: 00:19:48

Health: -18/94     AC: 13    Str: 27    XL:     13   Next: 0%
Magic:  0/20       EV: 17    Int:  7    God:    Trog [*****.]
Gold:   273        SH: 13    Dex: 15    Spells: 0 memorised, 12 levels left

rFire  + . .     SeeInvis .       - Unarmed
rCold  + . .     Gourm    .     I - +3 ring mail {rF+}
rNeg   . . .     Faith    .     A - +0 shield
rPois  .         Spirit   +     l - +0 helmet
rElec  .         Reflect  .     (no cloak)
rCorr  .         Harm     .     h - +1 pair of gloves
MR     +....                    E - +0 pair of boots {run}
Stlth  ..........               (no amulet)
                                u - ring of protection from cold
                                k - +4 ring of evasion

@: berserking, lethally poisoned (-18 -> -20), very slightly contaminated,
slowed, quick
A: claws 1, fangs 3, clumsy 1, regeneration 2, magic shield, antimagic bite, no
device heal 3, rot immunity, subdued magic 1
a: Berserk, Trog's Hand, Brothers in Arms, Burn Spellbooks, Renounce Religion


You were on level 2 of the Swamp.
You worshipped Trog.
Trog was extremely pleased with you.
You were very hungry.

You visited 3 branches of the dungeon, and saw 18 of its levels.

You collected 370 gold pieces.
You spent 97 gold pieces at shops.

Inventory:

Missiles
 x - 2 throwing nets (quivered)
Armour
 h - a +1 pair of gloves (worn)
 l - a +0 helmet (worn)
 A - a +0 shield (worn)
 E - a +0 pair of boots of running (worn)
 I - a +3 ring mail of fire resistance (worn)
Jewellery
 g - an uncursed ring of positive energy
 j - an uncursed ring of resist corrosion
 k - a +4 ring of evasion (left hand)
 u - a ring of protection from cold (right hand)
 K - an uncursed ring of see invisible
Wands
 d - a wand of disintegration (5/24)
 q - a wand of confusion (27/48)
 B - a wand of iceblast (9/15)
 D - a wand of lightning (10/15)
 F - a wand of slowing (41/48)
Scrolls
 e - a scroll of vulnerability {unknown}
 f - 2 scrolls of remove curse
 i - a scroll of teleportation
Potions
 c - 3 potions of haste
 p - a potion of heal wounds
 v - a potion of flight {unknown}
 z - a potion of cure mutation
 H - 3 potions of curing
Books
 r - a book of Callings

   Spells                             Type                      Level
   a - Summon Small Mammal            Summoning                    1
   b - Call Imp                       Summoning                    2
   c - Call Canine Familiar           Summoning                    3
   d - Summon Guardian Golem          Hexes/Summoning              3
   e - Summon Lightning Spire         Summoning/Air                4
   f - Summon Ice Beast               Ice/Summoning                4
   Trog disapproves of the use of such an item.
 t - a book of Necromancy

   Spells                             Type                      Level
   a - Pain                           Necromancy                   1
   b - Animate Skeleton               Necromancy                   1
   c - Vampiric Draining              Necromancy                   3
   d - Regeneration                   Charms/Necromancy            3
   e - Animate Dead                   Necromancy                   4
   f - Control Undead                 Necromancy                   4
   Trog disapproves of the use of such an item.
 G - a book of Maledictions

   Spells                             Type                      Level
   a - Corona                         Hexes                        1
   b - Ensorcelled Hibernation        Hexes/Ice                    2
   c - Confuse                        Hexes                        3
   d - Tukima's Dance                 Hexes                        3
   e - Dazzling Spray                 Conjuration/Hexes            3
   Trog disapproves of the use of such an item.
Comestibles
 b - 5 bread rations
 m - 3 meat rations
 n - a royal jelly
 o - 14 fruits
 s - 9 chunks of flesh
 J - a slice of pizza
 L - a beef jerky


   Skills:
 + Level 5.3 Fighting
 + Level 5.2 Armour
 + Level 4.9 Dodging
 + Level 10.6 Shields
 * Level 12.6 Unarmed Combat
 - Level 8.0 Evocations


You had 12 spell levels left.
You didn't know any spells.

Dungeon Overview and Level Annotations

Branches:
Dungeon (10/15)              Lair (4/6) D:10          Swamp (4/4) Lair:4
 Spider (0/4) Lair:2
 Temple: D:4-7          Orc: D:9-12

Altars:
Fedhas
Hepliaklqana
Makhleb
Okawaru
Ru
Zin

Shops:
D:6 *

Annotations:
D:6 1 runed door


Innate Abilities, Weirdness & Mutations

You have razor-sharp teeth.
You heal very quickly.
When hurt, damage is shared between your health and your magic reserves.
Your bite disrupts and absorbs the magic of your enemies.
Potions and wands cannot restore your health.
You are immune to rotting.
You have sharp fingernails.
You are clumsy. (Dex -2)
Your spells are a little easier to cast, but a little less powerful.


Message History

You feel sick. The tyrant leech completely misses you.
The spiny frog stings you!
* * * LOW HITPOINT WARNING * * *
You pummel the tyrant leech!! Your bite misses the tyrant leech.
The tyrant leech is almost dead.
You feel sick. The spiny frog stings you!
* * * LOW HITPOINT WARNING * * *
You are lethally poisoned!
The spiny frog poisons you! The tyrant leech completely misses you.
You hit the tyrant leech.
You kill the tyrant leech!
Trog accepts your kill.
You have reached level 13!
* * * LOW HITPOINT WARNING * * *
You feel sick. The spiny frog barely misses you.
You hit the spiny frog. Your bite misses the spiny frog.
The spiny frog is heavily wounded.
* * * LOW HITPOINT WARNING * * *
You feel sick. The spiny frog stings you!!
You die...

♣♣♣.≈.♣♣ ♣.≈≈♣..♣§≈≈≈..≈≈≈♣
♣≈≈.≈≈≈♣♣♣♣.♣≈≈♣.≈≈≈≈≈.♣♣≈.♣♣
≈.≈≈≈≈.......♣≈≈.≈≈≈≈≈.≈≈≈..♣
≈.≈≈≈≈≈≈≈≈≈......≈≈≈≈≈≈..≈≈.♣
♣≈≈≈....≈♣≈≈≈≈≈≈.§...♣♣♣.≈≈.♣
♣♣♣♣♣♣♣≈..≈≈≈≈≈≈≈..♣♣♣ ♣≈...♣
♣♣♣.≈≈≈≈..?<♣♣ .≈≈..
♣♣.≈♣≈.FD♣♣ ≈≈≈. ♣.≈[≈.≈@♣
≈≈.≈ ♣...≈.≈♣♣ ≈≈≈
♣♣..≈≈≈≈♣♣♣ ♣♣.≈≈≈≈≈≈.
♣♣.≈≈...≈≈≈≈ ♣≈≈≈♣≈≈.≈.≈.
♣♣.≈§≈.♣♣♣♣.♣ ♣♣..≈.♣♣♣ ♣♣
♣♣≈≈.♣♣♣


You could see a swamp dragon and a spiny frog.

Vanquished Creatures
  4 hydras
  Harold (Lair:3)
  A catoblepas (Lair:4)
  2 alligators
  3 elephants (Lair:2)
  A black mamba (Lair:4)
  6 spiny frogs
  2 komodo dragons
  A rime drake (Lair:3)
  A polar bear (Lair:3)
  A troll (D:9)
  6 tyrant leeches
  2 hornets
  5 slime creatures (Swamp:1)
  A bog body (Swamp:3)
  3 hippogriffs
  4 blink frogs
  3 spriggans
  14 yaks
  3 basilisks
  A wyvern (Lair:3)
  A hungry ghost (D:10)
  Grum (D:10)
  7 swamp worms
  An insubstantial wisp (Swamp:1)
  2 hell hounds (D:10)
  Duvessa (D:7)
  2 water moccasins
  3 porcupines
  4 orc warriors
  An ice beast (D:6)
  A swamp drake (Swamp:2)
  3 ogres (D:6)
  7 wolves
  A centaur (D:9)
  4 crocodiles
  Blork the orc (D:9)
  8 bullfrogs
  2 gnoll sergeants
  Dowan (D:7)
  3 scorpions (D:6)
  A water moccasin skeleton (D:9)
  An electric eel (Lair:2)
  5 howler monkeys (D:7)
  6 wights
  4 crimson imps
  A hound (D:9)
  A centaur zombie (D:7)
  3 orc priests
  A jelly (D:7)
  A quasit (D:10)
  2 bullfrog skeletons
  An iguana (D:7)
  2 orc wizards
  8 worker ants (D:6)
  A worker ant zombie (D:10)
  3 gnolls (D:7)
  4 adders
  A shadow imp (D:6)
  A worm (D:2)
  A leopard gecko (D:4)
  18 orcs
  6 giant cockroaches
  A goblin (D:3)
  A hobgoblin (D:3)
  2 kobolds
  2 quokkas
  2 bats (D:2)
  2 frilled lizards (D:1)
  A jackal skeleton (D:6)
  A rat (D:3)
203 creatures vanquished.

Vanquished Creatures (others)
  A blink frog (Swamp:2)
  A plant (Lair:2)
2 creatures vanquished.

Grand Total: 205 creatures vanquished

Notes
Turn   | Place    | Note
-------+----------+-------------------------------------------
     0 | D:1      | Amnesiac the Vine Stalker Berserker began the quest for the Orb.
     0 | D:1      | Reached XP level 1. HP: 11/11 MP: 2/2
   105 | D:3      | Reached XP level 2. HP: 5/16 MP: 3/3
   419 | D:2      | Reached XP level 3. HP: 20/20 MP: 4/4
   497 | D:2      | Reached skill level 4 in Unarmed Combat
   599 | D:3      | Reached ** piety under Trog
   666 | D:4      | Found a hazy altar of Hepliaklqana.
   737 | D:4      | Gained mutation: Your natural rate of healing is unusually fast. [Vine Stalker growth]
   737 | D:4      | Reached XP level 4. HP: 13/24 MP: 5/5
   800 | D:5      | Entered Level 5 of the Dungeon
   849 | D:6      | Reached skill level 5 in Unarmed Combat
   851 | D:6      | Reached XP level 5. HP: 27/28 MP: 2/6
   883 | D:6      | Reached skill level 6 in Unarmed Combat
   909 | D:6      | Noticed an orc warrior
   915 | D:6      | Killed an orc warrior
   915 | D:6      | Reached XP level 6. HP: 20/32 MP: 7/7
   922 | D:6      | Reached skill level 7 in Unarmed Combat
   931 | D:6      | Found a sacrificial altar of Ru.
  1002 | D:6      | Reached XP level 7. HP: 26/36 MP: 4/8
  1051 | D:6      | Reached skill level 8 in Unarmed Combat
  1120 | D:6      | Found a runed door.
  1129 | D:6      | Reached skill level 9 in Unarmed Combat
  1141 | D:6      | Found a runed door.
  1148 | D:6      | Gained mutation: You have razor-sharp teeth. [Vine Stalker growth]
  1148 | D:6      | Reached XP level 8. HP: 40/40 MP: 9/9
  1228 | D:6      | Reached *** piety under Trog
  1246 | D:6      | Reached skill level 10 in Unarmed Combat
  1274 | D:6      | Found a blossoming altar of Fedhas.
  1479 | D:6      | Found Zyokut's General Store.
  1487 | D:6      | Bought a scroll of blinking for 97 gold pieces
  1558 | D:7      | Noticed a spriggan baker
  1575 | D:7      | Killed a spriggan baker
  1575 | D:7      | Reached XP level 9. HP: 44/44 MP: 10/10
  1606 | D:7      | Found an iron altar of Okawaru.
  1737 | D:7      | Noticed Duvessa
  1738 | D:7      | Noticed Dowan
  1745 | D:7      | Killed Duvessa
  1753 | D:7      | Killed Dowan
  1808 | D:7      | Reached skill level 11 in Unarmed Combat
  1813 | D:7      | Found a burning altar of Makhleb.
  1815 | D:7      | Found a glowing silver altar of Zin.
  1815 | D:7      | Noticed an Executioner
  1815 | D:7      | Noticed an angel
  2019 | D:9      | Reached skill level 1 in Evocations
  2064 | D:9      | Noticed a troll
  2071 | D:9      | Killed a troll
  2106 | D:9      | Reached **** piety under Trog
  2120 | D:9      | Noticed Blork the orc
  2160 | D:9      | Killed Blork the orc
  2164 | D:9      | Reached skill level 5 in Evocations
  2215 | D:10     | Entered Level 10 of the Dungeon
  2295 | D:10     | Reached XP level 10. HP: 49/49 MP: 13/15
  2413 | D:10     | Found a staircase to the Lair.
  2526 | D:10     | Noticed Grum
  2546 | D:10     | Killed Grum
  2739 | Lair:1   | Entered Level 1 of the Lair of Beasts
  2739 | Lair:1   | Noticed a five-headed hydra
  2747 | Lair:1   | Killed a five-headed hydra
  2932 | Lair:2   | Found a hole to the Spider Nest.
  3180 | Lair:2   | Reached XP level 11. HP: 54/54 MP: 18/18
  3251 | Lair:2   | Reached skill level 12 in Unarmed Combat
  3308 | Lair:3   | Identified a +0 pair of boots of running (You found it on level 3 of the Lair of Beasts)
  3359 | Lair:3   | Reached skill level 1 in Shields
  3381 | Lair:3   | Noticed a five-headed hydra
  3388 | Lair:3   | Killed a five-headed hydra
  3503 | Lair:3   | Reached ***** piety under Trog
  3551 | Lair:3   | Reached skill level 5 in Shields
  3636 | Lair:3   | Noticed Harold
  3653 | Lair:3   | Killed Harold
  4154 | Lair:4   | Gained mutation: You heal very quickly. [Vine Stalker growth]
  4154 | Lair:4   | Reached XP level 12. HP: 59/59 MP: 19/19
  4601 | Lair:4   | Noticed a catoblepas
  4615 | Lair:4   | Killed a catoblepas
  4668 | Lair:4   | Found a staircase to the Swamp.
  4668 | Lair:4   | Noticed an alligator
  4680 | Lair:4   | Killed an alligator
  4748 | Swamp:1  | Entered Level 1 of the Swamp
  4799 | Swamp:1  | Gained mutation: You have sharp fingernails. [potion of mutation]
  4799 | Swamp:1  | Gained mutation: Your spells are a little easier to cast, but a little less powerful. [potion of mutation]
  4799 | Swamp:1  | Gained mutation: You are clumsy. (Dex -2) [potion of mutation]
  4820 | Swamp:2  | Noticed a spriggan rider
  4965 | Swamp:1  | Reached skill level 10 in Shields
  5009 | Swamp:2  | Noticed an alligator
  5048 | Swamp:2  | Killed an alligator
  5048 | Swamp:2  | Reached skill level 5 in Fighting
  5131 | Swamp:3  | Noticed a spriggan rider
  5204 | Swamp:4  | Entered Level 4 of the Swamp
  5204 | Swamp:4  | Noticed a six-headed hydra
  5205 | Swamp:4  | Noticed a five-headed hydra
  5216 | Swamp:3  | Killed a six-headed hydra
  5216 | Swamp:3  | Reached skill level 5 in Armour
  5270 | Swamp:4  | Noticed an alligator
  5270 | Swamp:4  | Noticed a ghost crab
  5323 | Swamp:3  | HP: 4/90 [tyrant leech (19)]
  5344 | Swamp:3  | Noticed a four-headed hydra
  5371 | Swamp:2  | Killed a four-headed hydra
  5374 | Swamp:2  | HP: 1/90 [spiny frog (4)]
  5375 | Swamp:2  | Reached XP level 13. HP: 1/63 MP: 0/20
  5376 | Swamp:2  | Demolished by a spiny frog

Vault maps used:
D:1:      lightli_arrival_chessboard, evilmike_ruin_ashenzari
D:2:      tso_metal_star, minmay_overflow_temple_hex, first_bread,
          kennysheep_generic_room_7, uniq_robin
D:3:      serial_co_window_serial, co_window_paths_a,
          co_window_of_opportunity_a, co_window_paths_a,
          co_window_of_opportunity_a, co_window_paths_a, co_window_broadway_a,
          co_window_of_opportunity_b, co_window_broadway_a, glass_columns_c,
          glass_columns_b, glass_columns_b
D:4:      lemuel_round_altar, uniq_grinder
D:5:      cheibrodos_thug_alley, small_statue_intersection,
          hangedman_decor_growths, uniq_sigmund
D:6:      lemuel_insect_pit, old_standard_altar, nicolae_ru_awakened_eye,
          portal_sewer_entry_e, serial_shops, nicolae_shop_trees
D:7:      grunt_temple_overflow_order_and_chaos_2, okawaru_ov_weapons_minmay,
          overflow_temple_1_default, serial_glass, glass_columns_a,
          glass_columns_a, the_bakery, minmay_door_square, uniq_menkaure,
          uniq_duvessa
D:8:      basic_altar
D:9:      minmay_blocky_corners, grunt_ministairs_12, sword_in_stone
D:10:     minmay_lair_entry_lava, minivault_19, uniq_grum
Lair:1:   grunt_forest_large_clearing_hut
Lair:2:   spider_nest_entry_web_field, hangedman_lair_unloving_vines,
          grunt_megastairs_2, infiniplex_staircase_pool, lemuel_fruit_tree
Lair:3:   lemuel_fruit_fields, grunt_megastairs_3, uniq_harold
Lair:4:   minmay_swamp_entry_worms, grunt_megastairs_1
Swamp:1:  nicolae_swamp_treefoil, hangedman_swamp_lotus, uniq_roxanne
Swamp:2:  evilmike_swamp_ruin_rubble_2, nicolae_swamp_fairy_circle, uniq_louise
Swamp:3:  evilmike_swamp_ruin_house_2, swamp_pool3, infiniplex_staircase_pool_2
Swamp:4:  swamp_pestilence

Skill      XL: |  1  2  3  4  5  6  7  8  9 10 11 12 |
---------------+-------------------------------------+-----
Fighting       | 3 4 5 |  5.3
Unarmed Combat | 4 5 6 7 9 10 11 12 | 12.6
Armour         | 2 3 4 5 |  5.2
Dodging        | 2 3 4 |  4.9
Evocations     | 5 8 |  8.0
Shields        | 7 10 | 10.6

Action                   |  1- 3 |  4- 6 |  7- 9 | 10-12 | 13-15 || total
-------------------------+-------+-------+-------+-------+-------++-------
Melee: Unarmed           |    85 |    30 |   258 |   600 |     1 ||   974
       Bite              |    20 |     4 |    89 |   246 |       ||   359
       Punch             |     2 |     3 |    12 |    21 |       ||    38
Invok: Berserk           |     5 |     2 |     3 |    11 |       ||    21
  Use: Potion            |       |     1 |       |     1 |       ||     2
       Scroll            |       |       |       |    14 |       ||    14
 Stab: Sleeping          |     1 |       |       |       |       ||     1
       Distracted        |     1 |       |       |       |       ||     1
  Eat: Chunk             |     3 |     2 |     9 |    22 |       ||    36
Armor: Animal skin       |    14 |     9 |     1 |       |       ||    24
       Plate armour      |       |       |   104 |   121 |       ||   225
       Ring mail         |       |       |       |    63 |       ||    63
Dodge: Dodged            |    54 |    14 |   106 |   280 |     1 ||   455
Block: Shield            |       |       |       |   168 |       ||   168
